 Dungeon Crawl Stone Soup version 0.25.1-4-g9407a263a5 (webtiles) character file.

Game seed: 11093785010798295409

64570 Gabide the Impaler (level 15, -9/186 HPs)
             Began as a Human Gladiator on Nov 28, 2020.
             Was a High Priest of Trog.
             Killed from afar by a lindwurm (38 damage)
             ... with a blast of flame
             ... on level 6 of the Lair of Beasts.
             The game lasted 01:30:46 (23856 turns).

Gabide the Impaler (Human Gladiator)               Turns: 23856, Time: 01:30:47

Health: -9/186     AC: 20    Str: 18    XL:     15   Next: 54%
Magic:  15/15      EV: 11    Int:  9    God:    Trog [*****.]
Gold:   1827       SH: 20    Dex: 17    Spells: 14/14 levels left

rFire    . . .     SeeInvis +   D - +8 trident of the Octopus King {venom, rElec rPois MR+}
rCold    + . .     Gourm    .   J - +4 kite shield {rC+}
rNeg     + . .     Faith    .   e - +1 chain mail "Peovvut" {rCorr Slay+3}
rPois    +         Spirit   .   c - +2 helmet
rElec    +         Reflect  +   d - +1 cloak
rCorr    +         Harm     .   u - +0 pair of gloves
MR       ++++.                  (no boots)
Stlth    ..........             v - amulet of reflection
HPRegen  1.41/turn              U - ring of see invisible
MPRegen  0.14/turn              V - ring of positive energy

@: berserking, regenerating, lightly drained, very quick
A: no striking features
a: Berserk, Trog's Hand, Brothers in Arms, Renounce Religion


You were on level 6 of the Lair of Beasts.
You worshipped Trog.
Trog was extremely pleased with you.
You were not hungry.

You visited 2 branches of the dungeon, and saw 21 of its levels.
You also visited: Bailey.

You collected 2596 gold pieces.
You spent 769 gold pieces at shops.

Inventory:

Hand Weapons
 b - a +5 demon trident of venom
 j - the +9 flail of Absolution {vorpal, *Noise rElec rPois MR+}
   (You found it on level 8 of the Dungeon)

   It inflicts extra damage upon your enemies.
   It insulates you from electricity.
   It protects you from poison.
   It affects your resistance to hostile enchantments.
   It may make noises in combat.
 D - the +8 trident of the Octopus King (weapon) {venom, rElec rPois MR+}
   (You found it on level 6 of the Dungeon)

   It poisons the flesh of those it strikes.
   It insulates you from electricity.
   It protects you from poison.
   It affects your resistance to hostile enchantments.
 T - the +8 storm bow {elec, penet}
   (You found it on level 2 of the Lair of Beasts)

   It charges the ammunition it shoots with electricity; occasionally upon a
   hit, such missiles may discharge and cause terrible harm.
   Ammo fired by it will pass through the targets it hits, potentially hitting
   all targets in its path until it reaches maximum range.
Missiles
 i - 3 silver javelins (quivered)
 W - 3 silver boomerangs
Armour
 c - a +2 helmet (worn)
 d - a +1 cloak (worn)
 e - the +1 chain mail "Peovvut" (worn) {rCorr Slay+3}
   (You bought it in a shop on level 8 of the Dungeon)

   It affects your accuracy and damage with ranged weapons and melee attacks
   (+3).
   It provides partial protection from all sources of acid and corrosion.
 u - a +0 pair of gloves (worn)
 J - a +4 kite shield of cold resistance (worn)
Jewellery
 o - a +4 ring of evasion
 v - an amulet of reflection (around neck)
 G - an uncursed ring of protection from magic
 I - a +4 ring of protection
 U - a ring of see invisible (left hand)
 V - a ring of positive energy (right hand)
 X - an uncursed amulet of faith {unknown}
Wands
 a - a wand of random effects (37)
 g - a wand of acid (5)
 y - a wand of polymorph (14)
 C - a wand of disintegration (24)
 E - a wand of enslavement (16)
 F - a wand of paralysis (8)
 L - a wand of iceblast (17)
 N - a wand of digging (4)
 P - a wand of clouds (6)
Scrolls
 m - a scroll of fog
 q - 3 scrolls of identify
 r - 10 scrolls of teleportation
 B - 5 scrolls of remove curse
 H - a scroll of fear
 K - 3 scrolls of blinking
 M - a scroll of magic mapping
Potions
 h - 5 potions of ambrosia
 k - 3 potions of lignification
 l - 19 potions of curing
 n - a potion of cancellation {unknown}
 p - 3 potions of flight
 t - 5 potions of stabbing
 w - 2 potions of heal wounds
 x - 3 potions of magic {unknown}
 z - a potion of haste
 O - 2 potions of resistance {unknown}
 Q - 3 potions of invisibility {unknown}
 R - a potion of berserk rage {unknown}
 S - 2 potions of mutation {unknown}
Miscellaneous
 s - a lightning rod (4/4)
Comestibles
 f - 39 rations


   Skills:
 + Level 13.3(13.2) Fighting
 + Level 16.5(16.4) Polearms
 + Level 2.9(2.8) Throwing
 + Level 10.4(10.3) Armour
 + Level 8.6(8.5) Dodging
 * Level 6.9(6.8) Shields
 - Level 0.2(0.1) Evocations


You had 14 spell levels left.
You didn't know any spells.
Your spell library was empty.

Dungeon Overview and Level Annotations

Branches:
Dungeon (15/15)            Temple (0/1) D:7            Lair (6/6) D:9
  Swamp (0/4) Lair:4       Spider (0/4) Lair:3        Slime (0/5) Lair:5
    Orc (0/2) D:10         Vaults (0/5) D:14         Depths (0/5) D:15
 Bailey (visited)

Altars:
Dithmenos
Fedhas
Gozag
Hepliaklqana
Kikubaaqudgha
Makhleb
Okawaru
Sif Muna
Trog
Wu Jian
Xom
Yredelemnul

Shops:
D:6 !   D:8 [   D:14 :


Message History

* * * LOW HITPOINT WARNING * * *
The blast of flame hits the plant!!!
Okay, then.
You are too berserk!
Okay, then.
You puncture the lindwurm!
The lindwurm looks as sick as possible!
The lindwurm is moderately wounded.
You feel the power of Trog in you as your rage grows.
You kill the ten-headed hydra!
Trog accepts your kill.
Your chain mail "Peovvut" prevents you from hitting the lindwurm.
The lindwurm is moderately wounded.
The water moccasin bites you.
* * * LOW HITPOINT WARNING * * *
You block the blink frog's attack.
You puncture the lindwurm!
The lindwurm looks as sick as possible!
The lindwurm is heavily wounded.
The lindwurm breathes flames at you. The blast of flame hits you!!!
You die...

#..............#
##..............###
#..................
#..................
#..................
#.......†.........
#.......†.†.......
#......††HSk......
##.P.#P.lPP@F....#.
#..#######P......#
#....# ###P......#
##..##.PP##.....##
##..##...#.......#
#..##.............#
#........##.....P##
##...#...#P......#
#.PP#.#..


You could see a lindwurm (extremely poisoned, catching breath), a komodo dragon,
a hippogriff, a blink frog and a water moccasin.

Vanquished Creatures
  A storm dragon (D:12)
  Nessos (D:12)
  2 vault guards (D:14)
  9 hydras
  3 centaur warriors
  4 two-headed ogres
  A dancing weapon (D:10)
  A tengu warrior (D:12)
  The ghost of Morgoth2127 the Dealer of Despair, a novice DsNe of Kikubaaqudgha (D:10)
  A fire crab (shapeshifter) (D:15)
  A glowing orange brain (D:15)
  3 unseen horrors
  4 lindwurms (Lair:2)
  Pikel (D:8)
  A wolf spider zombie (D:15)
  An orc knight (D:12)
  The ghost of Cazemata the Cleaver, a novice MiBe of Trog (D:5)
  A phantasmal warrior (D:12)
  2 deep elf magi
  3 manticores
  8 ugly things
  An orb spider (Lair:3)
  A salamander (shapeshifter) (D:15)
  A cyclops (D:12)
  3 elephants (Lair:2)
  Maurice (D:8)
  3 spiny frogs
  The ghost of Ivo the Skirmisher, a novice HuWn (D:4)
  Maggie (D:8)
  A spiny frog (shapeshifter) (D:12)
  3 komodo dragons
  2 kobold demonologists (D:15)
  A yaktaur (D:15)
  10 rime drakes
  An efreet (D:14)
  2 polar bears (Lair:5)
  3 trolls
  3 hornets
  4 slime creatures
  13 blink frogs
  Prince Ribbit (D:8)
  6 hippogriffs
  A spriggan (Lair:5)
  3 wyverns
  2 wraiths
  8 yaks
  4 basilisks (Lair:3)
  11 vampire mosquitoes
  A hungry ghost (D:14)
  An acid dragon (D:13)
  9 water moccasins
  6 porcupines
  Duvessa (D:7)
  7 orc warriors
  4 black bears
  A black bear (shapeshifter) (D:15)
  A slave (D:8)
  6 ice beasts
  A hornet zombie (D:10)
  2 phantoms (D:10)
  4 sky beasts
  3 necrophages
  3 boggarts (D:15)
  5 wolves
  8 ogres
  13 centaurs
  13 crocodiles
  3 big kobolds
  22 bullfrogs
  A gnoll sergeant (D:12)
  2 water moccasin zombies
  A hornet simulacrum (D:12)
  2 wyvern skeletons
  Dowan (D:7)
  5 scorpions
  5 killer bees
  5 howler monkeys
  11 wights
  7 crimson imps
  4 bullfrog zombies
  A quasit (D:8)
  9 hounds
  11 jellies
  Crazy Yiuf (D:2)
  7 centaur skeletons
  6 orc priests
  8 orc wizards
  2 bullfrog skeletons
  Jessica (D:3)
  5 iguanas
  16 worker ants
  3 hell rats (Lair:6)
  A killer bee zombie (D:6)
  2 worker ant zombies
  13 adders
  6 gnolls
  A howler monkey skeleton (D:7)
  4 shadow imps
  8 oozes
  An adder skeleton (D:6)
  3 worms
  4 dart slugs
  4 leopard geckos
  33 orcs
  9 bats
  7 giant cockroaches
  11 goblins
  8 hobgoblins
  14 jackals
  2 quokkas
  2 ball pythons
  6 frilled lizards
  31 kobolds
  10 rats
549 creatures vanquished.

Vanquished Creatures (collateral kills)
  Rupert (D:13)
  A hydra (D:14)
  2 vault guards (D:14)
  2 centaur warriors (D:14)
  4 slime creatures
  A black mamba (shapeshifter) (D:15)
  A yak (Lair:6)
  A water moccasin (Lair:6)
  A boggart (shapeshifter) (D:15)
  A crocodile (Lair:6)
  A hell rat (Lair:6)
16 creatures vanquished.

Vanquished Creatures (others)
  A porcupine (Lair:5)
  A slave (D:8)
  3 wolves (Lair:5)
  3 hounds (D:8)
  An orc (D:8)
  A fungus (Lair:4)
  5 plants
15 creatures vanquished.

Grand Total: 580 creatures vanquished

Notes
Turn   | Place    | Note
-------+----------+-------------------------------------------
     0 | D:1      | Gabide the Human Gladiator began the quest for the Orb.
     0 | D:1      | Reached XP level 1. HP: 16/16 MP: 1/1
   243 | D:1      | Reached XP level 2. HP: 17/22 MP: 2/2
   619 | D:1      | Reached XP level 3. HP: 27/27 MP: 3/3
   829 | D:1      | Reached skill level 1 in Armour
  1240 | D:2      | Reached XP level 4. HP: 33/33 MP: 4/4
  1343 | D:2      | Reached skill level 4 in Polearms
  1741 | D:2      | Reached XP level 5. HP: 34/39 MP: 3/5
  1836 | D:2      | Found a runed translucent door.
  1838 | D:2      | Noticed Crazy Yiuf
  2119 | D:2      | Killed Crazy Yiuf
  2451 | D:3      | Reached skill level 5 in Polearms
  2454 | D:3      | Reached XP level 6. HP: 35/46 MP: 4/6
  3117 | D:3      | Noticed Jessica
  3130 | D:3      | Killed Jessica
  3207 | D:3      | Found a shadowy altar of Dithmenos.
  3431 | D:4      | Found a transporter.
  3435 | D:4      | Found a transporter.
  3435 | D:4      | Noticed Ivo's ghost (novice HuWn)
  3564 | D:4      | Noticed a moth of wrath
  3566 | D:4      | Found a bloodstained altar of Trog.
  3898 | D:4      | Became a worshipper of Trog the Wrathful
  4186 | D:4      | Found an ornate altar of the Wu Jian Council.
  4187 | D:4      | Found an opulent altar of Gozag.
  4288 | D:4      | Noticed a two-headed ogre
  4419 | D:4      | Killed a two-headed ogre
  4419 | D:4      | Reached skill level 7 in Polearms
  4419 | D:4      | Reached XP level 7. HP: 16/52 MP: 4/7
  4419 | D:4      | Reached XP level 8. HP: 17/58 MP: 4/8
  5195 | D:5      | Entered Level 5 of the Dungeon
  5528 | D:5      | Noticed Cazemata's ghost (novice MiBe)
  5583 | D:5      | Reached skill level 8 in Polearms
  5583 | D:5      | Reached skill level 1 in Shields
  5839 | D:5      | Found a transporter.
  5842 | D:5      | Found a transporter.
  5853 | D:5      | Reached XP level 9. HP: 63/64 MP: 9/9
  6172 | D:6      | Found the +8 trident of the Octopus King {venom, rElec
                  | rPois MR+}
  6400 | D:6      | Found Urut's Distillery.
  6406 | D:6      | Bought a potion of haste for 120 gold pieces
  6406 | D:6      | Bought a potion of might for 48 gold pieces
  6406 | D:6      | Bought a potion of heal wounds for 60 gold pieces
  6406 | D:6      | Bought a potion of heal wounds for 60 gold pieces
  6610 | D:6      | Found a blossoming altar of Fedhas.
  6769 | D:6      | Reached skill level 9 in Polearms
  7053 | D:6      | Noticed a troll
  7076 | D:6      | Reached skill level 5 in Armour
  7128 | D:6      | Reached * piety under Trog
  7147 | D:6      | Killed a troll
  7321 | D:7      | Noticed Duvessa
  7322 | D:7      | Noticed Dowan
  7329 | D:7      | Killed Dowan
  7341 | D:7      | Killed Duvessa
  7524 | D:7      | Noticed a hippogriff
  7533 | D:7      | Reached skill level 10 in Polearms
  7541 | D:7      | Killed a hippogriff
  7544 | D:7      | Reached XP level 10. HP: 68/73 MP: 10/10
  7616 | D:7      | Found a shimmering blue altar of Sif Muna.
  7616 | D:7      | Found an ancient bone altar of Kikubaaqudgha.
  7621 | D:7      | Found a faded altar of an unknown god.
  7623 | D:7      | Found a basalt altar of Yredelemnul.
  7625 | D:7      | Found a faded altar of an unknown god.
  7826 | D:7      | Reached ** piety under Trog
  7836 | D:7      | Found a staircase to the Ecumenical Temple.
  8126 | D:7      | Reached skill level 5 in Fighting
  8315 | D:8      | Found a shimmering altar of Xom.
  8325 | D:8      | Got a polished flail
  8326 | D:8      | Identified the +9 flail of Absolution {vorpal, *Noise rElec
                  | rPois MR+} (You found it on level 8 of the Dungeon)
  8344 | D:8      | Found a shimmering altar of Xom.
  8345 | D:8      | Found a shimmering altar of Xom.
  8448 | D:8      | Noticed Pikel
  8457 | D:8      | Killed Pikel
  8457 | D:8      | Reached skill level 11 in Polearms
  8488 | D:8      | Noticed Maurice
  8503 | D:8      | Killed Maurice
  8557 | D:8      | Found a shimmering altar of Xom.
  8557 | D:8      | Found a shimmering altar of Xom.
  8557 | D:8      | Found a shimmering altar of Xom.
  8803 | D:8      | Noticed Maggie
  8811 | D:8      | Reached skill level 5 in Dodging
  8820 | D:8      | Killed Maggie
  8992 | D:8      | Reached skill level 12 in Polearms
  8992 | D:8      | Reached XP level 11. HP: 81/81 MP: 11/11
  9096 | D:8      | Noticed a deep elf mage
  9147 | D:8      | Killed a deep elf mage
  9455 | D:8      | Found Fiattaap's Antique Armour Shop.
  9463 | D:8      | Bought an aquamarine-encrusted chain mail for 247 gold
                  | pieces
  9473 | D:8      | Identified the +1 chain mail "Peovvut" {rCorr Slay+3} (You
                  | bought it in a shop on level 8 of the Dungeon)
  9510 | D:8      | Reached *** piety under Trog
  9736 | D:8      | Noticed Prince Ribbit
  9746 | D:8      | Killed Prince Ribbit
  9747 | D:8      | Found a hazy altar of Hepliaklqana.
  9754 | D:8      | Found a burning altar of Makhleb.
  9977 | D:9      | Reached skill level 13 in Polearms
 10194 | D:9      | Found a staircase to the Lair.
 10274 | D:10     | Entered Level 10 of the Dungeon
 10440 | D:10     | Reached **** piety under Trog
 10840 | D:10     | Found a staircase to the Orcish Mines.
 10953 | D:10     | Found an iron altar of Okawaru.
 11207 | D:10     | Found a runed translucent door.
 11207 | D:10     | Found a shimmering altar of Xom.
 11207 | D:10     | Noticed Morgoth2127's ghost (novice DsNe)
 11208 | D:10     | Noticed a +4 scimitar of chaos
 11216 | D:10     | Killed a +4 scimitar of chaos
 11230 | D:10     | Killed Morgoth2127's ghost
 11230 | D:10     | Reached XP level 12. HP: 56/92 MP: 12/12
 12235 | D:11     | Reached skill level 14 in Polearms
 12827 | D:12     | Noticed Nessos
 12850 | D:12     | Killed Nessos
 12856 | D:12     | Reached ***** piety under Trog
 13094 | D:12     | Noticed a two-headed ogre
 13105 | D:12     | Killed a two-headed ogre
 13178 | D:12     | Noticed a tengu warrior
 13178 | D:12     | Noticed a fire crab
 13184 | D:12     | a fire crab changed into a spiny frog
 13206 | D:12     | Killed a tengu warrior
 13350 | D:12     | Noticed a seven-headed hydra
 13360 | D:12     | Killed a seven-headed hydra
 13360 | D:12     | Reached XP level 13. HP: 95/101 MP: 13/13
 13470 | D:12     | Got an ichor-stained robe
 13471 | D:12     | Identified the cursed +0 robe of the Trilobite {rF++ Int-4
                  | Dex+5 Stlth+} (You found it on level 12 of the Dungeon)
 13782 | D:12     | Got a fine ring mail
 13793 | D:12     | Identified the +4 ring mail "Jajaetoomn" {rPois} (You found
                  | it on level 12 of the Dungeon)
 14060 | D:12     | Noticed a storm dragon
 14072 | D:12     | Killed a storm dragon
 14072 | D:12     | Reached skill level 10 in Fighting
 14072 | D:12     | Reached skill level 15 in Polearms
 14375 | D:13     | Noticed Rupert
 14375 | D:13     | Noticed a centaur warrior
 14410 | D:13     | Noticed a centaur warrior
 14413 | D:13     | Killed Rupert
 14432 | D:13     | Killed a centaur warrior
 14441 | D:13     | Killed a centaur warrior
 14724 | D:13     | Found a gate leading to a gauntlet.
 14782 | D:13     | Identified a scroll of acquirement
 14782 | D:13     | Acquired 680 gold pieces
 14972 | D:14     | Noticed a centaur warrior
 14978 | D:14     | Killed a centaur warrior
 14988 | D:14     | Found a gate to the Vaults.
 14988 | D:14     | Noticed a five-headed hydra
 14988 | D:14     | Noticed a centaur warrior
 14988 | D:14     | Noticed a vault guard
 14988 | D:14     | Noticed a vault guard
 14988 | D:14     | Noticed a vault guard
 14988 | D:14     | Noticed a vault guard
 14988 | D:14     | Noticed a centaur warrior
 14991 | D:14     | Killed a six-headed hydra
 14994 | D:14     | Killed a centaur warrior
 14996 | D:14     | Killed a centaur warrior
 14999 | D:14     | Killed a vault guard
 15005 | D:14     | Killed a vault guard
 15018 | D:14     | Killed a vault guard
 15019 | D:14     | Killed a vault guard
 15337 | D:14     | Reached XP level 14. HP: 97/113 MP: 14/14
 15501 | D:14     | Found a flagged portal.
 15508 | Bailey   | Entered a bailey
 15565 | Bailey   | Found a bloodstained altar of Trog.
 16020 | D:14     | Found Xon Vaf's Book Emporium.
 16231 | D:15     | Entered Level 15 of the Dungeon
 16340 | D:15     | Reached skill level 16 in Polearms
 17146 | D:15     | Found a staircase to the Depths.
 17190 | D:15     | Received a gift from Trog
 17933 | D:8      | Bought a crude scale mail for 234 gold pieces
 17943 | D:8      | Identified the +3 scale mail "Malywkio" {+Blink rF- Slay+2}
                  | (You bought it in a shop on level 8 of the Dungeon)
 18082 | D:5      | Killed Cazemata's ghost
 18235 | D:4      | Killed Ivo's ghost
 18550 | Lair:1   | Entered Level 1 of the Lair of Beasts
 19952 | Lair:2   | Found the +8 storm bow {elec, penet}
 20829 | Lair:2   | Reached skill level 10 in Armour
 20834 | Lair:2   | Reached XP level 15. HP: 43/122 MP: 15/15
 21870 | Lair:3   | Found a hole to the Spider Nest.
 22362 | Lair:4   | Found a staircase to the Swamp.
 22414 | Lair:4   | Reached skill level 5 in Shields
 23280 | Lair:5   | Found a staircase to the Slime Pits.
 23761 | Lair:6   | Entered Level 6 of the Lair of Beasts
 23856 | Lair:6   | Killed from afar by a lindwurm

Illustrated notes

Levels and vault maps discovered:
D:1:      dpeg_arrival_rooms_c, layout_basic, minivault_5
D:2:      layout_basic, first_ration, uniq_crazy_yiuf_cottage
D:3:      minmay_diamond_boxcup, layout_basic, overflow_temple_1_default,
          uniq_jessica
D:4:      layout_layer_cave, chequers_temple_overflow_statue_of_worship,
          gammafunk_ghost_arena, tgw_trog
D:5:      layout_loops_ring, gammafunk_ghost_hive, chequers_serial_rivers_marsh
D:6:      minmay_clustersquares, layout_basic, serial_shops, shop, minivault_1,
          fedhas_altar_3
D:7:      layout_loops_ring, chequers_temple_overflow_minitemple,
          minmay_temple_entry_arrows, kennysheep_generic_room_15, uniq_duvessa
D:8:      minmay_the_grid_triangle_9x9_rhombus_full
          [minmay_the_grid_triangle_9x9_stretched_checkered,
          minmay_the_grid_triangle_9x9_pentomino_pain,
          minmay_the_grid_triangle_9x9_sparse_checkered,
          minmay_the_grid_triangle_9x9_empty,
          minmay_the_grid_triangle_9x9_zippers_horizontal,
          minmay_the_grid_triangle_9x9_thin_v,
          minmay_the_grid_triangle_9x9_negative_grid,
          minmay_the_grid_triangle_9x9_prize_insulated], layout_loops_ring,
          xom_shifter_show, minitemple, serial_shops, shop, uniq_maggie,
          uniq_maurice, uniq_pikel, uniq_prince_ribbit1
D:9:      layout_rooms, david_lair_shrubbed
D:10:     layout_loops_ring, orc_0_dummy, ebering_ghost_xom,
          hangedman_little_slice_of_home, okawaru_trees_2
D:11:     layout_stronghold
D:12:     layout_irregular_city, minmay_checkered_concentric_circles,
          uniq_nessos
D:13:     layout_cave_pools, gauntlet_entry_generic, uniq_rupert
D:14:     layout_loops_ring, lightli_vaults_fourway_checkpoint, enter_bailey_3,
          serial_shops, nicolae_shop_behind_doors
D:15:     gammafunk_enter_depths_forms, layout_basic, dk_noncrumbling_4
Lair:1:   layout_cave_pods, serial_bayou_shore_b, lemuel_fruit_tree
Lair:2:   layout_regular_city, minmay_lindwurm_lava
Lair:3:   layout_long_grid, nicolae_spider_entry_orb_guardian,
          chequers_serial_rivers_small_3, serial_bayou_lagoon_a, minivault_26,
          kennysheep_basilisk_garden
Lair:4:   layout_roguey, swamp_mist, bh_autumn_forest_stairs,
          minmay_lair_drake_nest
Lair:5:   layout_roguey, nicolae_slime_entry_slimehenge, minivault_11,
          grunt_forest_stairs_clearing, infiniplex_staircase_pool_2
Lair:6:   hangedman_lair_in_review, layout_regular_city

Skill      XL: |  1  2  3  4  5  6  7  8  9 10 11 12 13 14 15 |
---------------+----------------------------------------------+-----
Armour         | 1 2 4 5 6 7 9 10 | 10.4
Polearms       | 4 5 7 8 10 12 13 14 15 16 | 16.5
Fighting       | 3 4 6 8 9 11 12 13 | 13.3
Dodging        | 4 5 6 7 8 |  8.6
Shields        | 1 3 4 6 |  6.9
Throwing       | |  2.9
Evocations     | |  0.2

Action                   |  1- 3 |  4- 6 |  7- 9 | 10-12 | 13-15 || total
-------------------------+-------+-------+-------+-------+-------++-------
Melee: Trident           |   114 |   259 |   226 |   656 |   944 ||  2199
Throw: Throwing net      |       |     4 |       |     2 |     2 ||     8
       Dart              |       |    14 |    21 |    16 |    20 ||    71
       Boomerang         |       |       |     9 |     4 |    22 ||    35
       Javelin           |       |       |     3 |     5 |     1 ||     9
Invok: Berserk           |       |       |       |     3 |     8 ||    11
       Trog's Hand       |       |       |       |     3 |     5 ||     8
       Brothers in Arms  |       |       |       |     1 |     6 ||     7
Evoke: Wand              |       |     3 |     2 |     2 |       ||     7
       Lightning rod     |       |       |       |     1 |       ||     1
  Use: Scroll            |     5 |     3 |    10 |     9 |    21 ||    48
       Potion            |       |       |     3 |     2 |    11 ||    16
 Stab: Held in net/web   |       |     3 |       |       |       ||     3
       Distracted        |       |       |       |     2 |     1 ||     3
  Eat: Chunk             |     1 |    10 |     4 |    15 |    18 ||    48
       Ration            |       |       |     2 |     2 |     8 ||    12
Armor: Ring mail         |    41 |   113 |    43 |    10 |       ||   207
       Acid dragon scale |       |       |       |    13 |       ||    13
       Chain mail        |       |       |       |    40 |   304 ||   344
Dodge: Dodged            |    76 |   173 |   126 |   140 |   346 ||   861
Block: Buckler           |       |       |    78 |   127 |   236 ||   441
       Reflection        |       |       |       |     9 |    38 ||    47
       Kite shield       |       |       |       |       |   261 ||   261
